AoeStats
← Riut

Arena

506116186Analyzed
1v1 RM · 21d ago on Sep 12, 2026· 18m 1s· 2 players
Game mode
Random Map
Map size
Tiny (2 player)
Population
200
Speed
Normal
Resources
Standard
Victory
Conquest
Starting age
Dark Age
Ending age
Imperial Age
RankedLock teamsTeams togetherTeam positionsShared explorationLock speedFull tech treeHidden civsTurbo modeCheats
Victory
Defeat
🇫🇷 Khitans · France
2069
+12
🇹🇼 Tupi · Taiwan
1977
-12
A88
10:48 Feudal Age
14:30 Castle Age
13:47 Loom
14:28 Double-Bit Axe
14:25 Horse Collar
Riut
11:34 Feudal Age
12:22 Double-Bit Axe
12:24 Domestication
12:41 Double-Bit Axe
15:13 Castle Age
14:29 Forging
17:31 Loom
Connection lost

Rejoining the realm…

Still unreachable

The connection could not be restored.

Session expired

The server has moved on; the page needs a fresh start.